 Dungeon Crawl Stone Soup version 0.20.1-1-g8b1a95d (webtiles) character file.

2983 Ymberti the Thaumaturge (level 9, -13/47 HPs)
             Began as a Deep Elf Fire Elementalist on Sept 16, 2017.
             Was a Follower of Vehumet.
             Mangled by a black mamba (15 damage)
             ... on level 1 of the Lair of Beasts.
             The game lasted 00:53:14 (6300 turns).

Ymberti the Thaumaturge (DEFE)                      Turns: 6300, Time: 00:53:14

Health: -13/47     AC:  7    Str:  3 (5)  XL:     9   Next: 53%
Magic:  20/24      EV: 15    Int: 22 (24) God:    Vehumet [*.....]
Gold:   325        SH:  0    Dex: 14 (15) Spells: 14/27 levels left

rFire    . . .     SeeInvis .   q - +2 dagger (speed)
rCold    . . .     Gourm    +   (no shield)
rNeg     . . .     Faith    .   r - +0 robe
rPois    .         Spirit   .   t - +1 helmet
rElec    .         Reflect  .   (no cloak)
rCorr    .         Harm     .   n - +2 pair of gloves
MR       +....                  (no boots)
Stlth    +++.......             u - amulet of the gourmand
Regen    0.1/turn               s - ring of protection from magic
MPRegen  0.2/turn               (no ring)

@: lethally poisoned (-13 -> -51), slowed, lost strength, very slow
A: no striking features
a: Renounce Religion


You were on level 1 of the Lair of Beasts.
You worshipped Vehumet.
Vehumet was aware of your devotion.
You were not hungry.

You visited 2 branches of the dungeon, and saw 9 of its levels.

You collected 325 gold pieces.

Inventory:

Hand Weapons
 q - a +2 dagger of speed (weapon)
Armour
 i - a +4 ring mail
 n - a +2 pair of gloves (worn)
 r - a +0 robe (worn)
 t - a +1 helmet (worn)
Jewellery
 s - a ring of protection from magic (left hand)
 u - an amulet of the gourmand (around neck)
Wands
 p - a wand of flame (13/48)
 w - a wand of iceblast (7/15)
 D - a wand of flame (21/48)
 G - a wand of lightning (9/15)
Scrolls
 e - a scroll of enchant weapon
 f - 5 scrolls of remove curse
 j - a scroll of magic mapping
 y - a scroll of amnesia
 B - a scroll of teleportation
 F - a scroll of fog
Potions
 d - 2 potions of curing
 g - a potion of cancellation {unknown}
 k - 2 potions of ambrosia
 m - 5 potions of flight
 o - a potion of brilliance
 v - 2 potions of degeneration
 x - a potion of berserk rage {unknown}
 z - a potion of magic {unknown}
 A - a potion of agility
 E - a potion of mutation {unknown}
Books
 a - a book of Frost

   Spells                             Type                      Level
   a - Freeze                         Ice                          1
   b - Throw Frost                    Conjuration/Ice              2
   c - Ozocubu's Armour               Charms/Ice                   3
   d - Throw Icicle                   Conjuration/Ice              4
   e - Summon Ice Beast               Ice/Summoning                4
 b - a book of Flames

   Spells                             Type                      Level
   a - Flame Tongue                   Conjuration/Fire             1
   b - Throw Flame                    Conjuration/Fire             2
   c - Conjure Flame                  Conjuration/Fire             3
   d - Inner Flame                    Hexes/Fire                   3
   e - Sticky Flame                   Conjuration/Fire             4
   f - Fireball                       Conjuration/Fire             5
Comestibles
 c - 3 bread rations
 h - 2 royal jellies
 l - 2 meat rations
 C - 14 fruits


   Skills:
 + Level 1.0 Fighting
 + Level 1.7 Short Blades
 + Level 1.5 Armour
 + Level 5.1 Dodging
 + Level 4.0 Stealth
 + Level 9.9 Spellcasting
 + Level 7.2 Conjurations
 + Level 8.1 Fire Magic
 + Level 1.2 Ice Magic


You had 14 spell levels left.
You knew the following spells:

 Your Spells              Type           Power        Failure   Level  Hunger
a - Flame Tongue          Conj/Fire      #####        1%          1    None
b - Throw Flame           Conj/Fire      #####.       1%          2    None
c - Conjure Flame         Conj/Fire      #####...     1%          3    None
d - Fireball              Conj/Fire      #####.....   7%          5    ####...
e - Throw Frost           Conj/Ice       ####..       1%          2    None


Dungeon Overview and Level Annotations

Branches:
Dungeon (8/15)             Temple (0/1) D:4            Lair (1/6) D:8

Altars:
Cheibriados
Dithmenos
Gozag
Okawaru
Sif Muna
Uskayaw
Vehumet
The Shining One


Message History

Aim: a black mamba (moderately wounded)
The flame tongue hits the black mamba.
The black mamba is heavily wounded.
The black mamba barely misses you. The black mamba bites you!
You are lethally poisoned!
The black mamba poisons you! The black mamba bites you!!
* * * LOW HITPOINT WARNING * * *
You are more poisoned.
The black mamba poisons you!
Casting: Flame Tongue
Confirm with . or Enter, or press ? or * to list all spells.
Aiming: Flame Tongue
Press: ? - help, Shift-Dir - straight line, f/p - black mamba
Aim: a black mamba (heavily wounded)
The flame tongue hits the black mamba.
The black mamba is severely wounded.
* * * LOW HITPOINT WARNING * * *
You feel very sick. The black mamba barely misses you.
The black mamba bites you!
You die...

###############
..............#
..............#
.[.....S@....=#
......###.#.#.#
..... #####.#
.... ##.## ...
#...# .. ##.##
. ##.# ####..#
###.P##.#


You could see a black mamba.

Vanquished Creatures
  The ghost of Chisa the Cleaver, a novice NaFi of Cheibriados (D:8)
  Grinder (D:4)
  A hippogriff (Lair:1)
  Eustachio (D:6)
  A hungry ghost (D:8)
  2 ice beasts
  A sky beast (D:5)
  2 orc warriors
  A centaur (D:8)
  2 ogres (D:4)
  2 big kobolds (D:8)
  3 bullfrogs
  A water moccasin zombie (D:6)
  A howler monkey (D:5)
  3 crimson imps
  A centaur zombie (D:5)
  A quasit (D:7)
  A bullfrog skeleton (D:4)
  2 iguanas
  2 orc wizards
  A hound zombie (D:5)
  3 hound skeletons
  6 gnolls
  5 adders
  An ooze (D:3)
  An adder skeleton (D:6)
  2 worms (D:2)
  3 dart slugs
  6 leopard geckos
  12 orcs
  A ball python (D:1)
  2 giant cockroaches
  8 goblins
  7 hobgoblins
  9 jackals
  2 quokkas
  8 bats
  4 frilled lizards
  9 kobolds
  8 rats
  A fungus (D:8)
129 creatures vanquished.

Notes
Turn   | Place    | Note
-------+----------+-------------------------------------------
     0 | D:1      | Ymberti the Deep Elf Fire Elementalist began the quest for the Orb.
     0 | D:1      | Reached XP level 1. HP: 10/10 MP: 6/6
   143 | D:1      | Found an iron altar of Okawaru.
   207 | D:1      | Reached XP level 2. HP: 12/15 MP: 4/8
   437 | D:1      | Reached XP level 3. HP: 13/19 MP: 1/10
  1111 | D:2      | Learned a level 1 spell: Flame Tongue
  1114 | D:2      | Learned a level 2 spell: Throw Flame
  1118 | D:2      | Learned a level 3 spell: Conjure Flame
  1235 | D:2      | Reached XP level 4. HP: 24/24 MP: 11/11
  1618 | D:3      | Reached skill level 4 in Spellcasting
  1641 | D:3      | Reached skill level 1 in Short Blades
  1955 | D:3      | Found a hide-covered altar of Uskayaw.
  1958 | D:3      | Found a radiant altar of Vehumet.
  1975 | D:3      | Became a worshipper of Vehumet
  1980 | D:3      | Found a snail-covered altar of Cheibriados.
  1981 | D:3      | Found an iron altar of Okawaru.
  2328 | D:3      | Found a glowing golden altar of the Shining One.
  2389 | D:4      | Noticed an ogre
  2402 | D:4      | Killed an ogre
  2402 | D:4      | Reached XP level 5. HP: 28/28 MP: 3/14
  2426 | D:4      | Noticed an ogre
  2487 | D:4      | Killed an ogre
  2487 | D:4      | Reached skill level 5 in Spellcasting
  2487 | D:4      | Reached XP level 6. HP: 15/32 MP: 4/15
  2745 | D:4      | Noticed Grinder
  2752 | D:4      | Killed Grinder
  2752 | D:4      | Reached skill level 1 in Armour
  2752 | D:4      | Reached skill level 5 in Fire Magic
  2921 | D:4      | Reached skill level 6 in Spellcasting
  2921 | D:4      | Reached XP level 7. HP: 35/36 MP: 8/18
  3052 | D:4      | Found a staircase to the Ecumenical Temple.
  3124 | D:5      | Entered Level 5 of the Dungeon
  3202 | D:5      | Reached * piety under Vehumet
  3202 | D:5      | Offered knowledge of Sandblast by Vehumet.
  3445 | D:5      | Found a shadowy altar of Dithmenos.
  3782 | D:6      | Noticed Eustachio
  3793 | D:6      | Killed Eustachio
  3793 | D:6      | Reached skill level 7 in Spellcasting
  3814 | D:6      | Found a deep blue altar of Sif Muna.
  3915 | D:6      | Reached skill level 5 in Conjurations
  3915 | D:6      | Reached XP level 8. HP: 35/42 MP: 6/20
  3942 | D:6      | Learned a level 5 spell: Fireball
  4120 | D:6      | Reached skill level 1 in Fighting
  4521 | D:6      | Learned a level 2 spell: Throw Frost
  4657 | D:7      | Reached skill level 8 in Spellcasting
  5409 | D:8      | Found a staircase to the Lair.
  5421 | D:8      | Noticed Chisa's ghost (novice NaFi)
  5439 | D:8      | Killed Chisa's ghost
  5439 | D:8      | Reached skill level 9 in Spellcasting
  5439 | D:8      | Reached skill level 1 in Ice Magic
  5439 | D:8      | Reached XP level 9. HP: 37/47 MP: 3/24
  5723 | D:8      | Found an opulent altar of Gozag.
  5854 | D:8      | Reached skill level 5 in Dodging
  6109 | Lair:1   | Entered Level 1 of the Lair of Beasts
  6144 | Lair:1   | Noticed a spiny frog
  6282 | Lair:1   | Lost strength.
  6295 | Lair:1   | Noticed a black mamba
  6300 | Lair:1   | HP: 2/47 [poisoned by a black mamba]
  6300 | Lair:1   | Mangled by a black mamba

Skill      XL: |  1  2  3  4  5  6  7  8  9 |
---------------+----------------------------+-----
Conjurations   | 2 3 4 5 6 7 |  7.2
Stealth        | 3 4 |  4.0
Fire Magic     | 4 5 6 7 8 |  8.1
Spellcasting   | 4 5 6 7 9 |  9.9
Short Blades   | 1 |  1.7
Armour         | 1 |  1.5
Dodging        | 3 4 5 |  5.1
Fighting       | 1 |  1.0
Ice Magic      | 1 |  1.2

Action                   |  1- 3 |  4- 6 |  7- 9 || total
-------------------------+-------+-------+-------++-------
Melee: Dagger            |    62 |    19 |    70 ||   151
 Cast: Flame Tongue      |    67 |    62 |   125 ||   254
       Throw Flame       |       |    12 |    38 ||    50
       Conjure Flame     |       |     1 |     6 ||     7
       Throw Frost       |       |       |     5 ||     5
       Fireball          |       |       |     8 ||     8
  Use: Scroll            |     8 |     2 |    12 ||    22
       Potion            |       |     3 |     6 ||     9
 Stab: Sleeping          |     2 |     2 |     1 ||     5
  Eat: Bread ration      |     1 |       |     1 ||     2
       Fruit             |       |     4 |     6 ||    10
       Royal jelly       |       |       |     2 ||     2
Armor: Robe              |    43 |       |    22 ||    65
       Ring mail         |       |    35 |    32 ||    67
Dodge: Dodged            |    76 |    29 |    74 ||   179
